 Dungeon Crawl Stone Soup version 0.17.1-1-g73c8601 (webtiles) character file.

18 Implojin the Ruffian (level 2, -1/29 HPs)
             Began as a Troll Fighter on Apr 8, 2016.
             Slain by an orc warrior
             ... wielding a +2 mace of protection
              (22 damage)
             ... on level 6 of the Dungeon.
             The game lasted 00:01:48 (298 turns).

Implojin the Ruffian (Troll Fighter)                 Turns: 298, Time: 00:01:48

Health: -1/29      AC:  5    Str: 28    XL:     2   Next: 51%
Magic:  1/1        EV:  8    Int:  4    God:
Gold:   9          SH:  9    Dex:  9    Spells: 0 memorised, 1 level left

rFire  . . .     SeeInvis .       - Unarmed
rCold  . . .     Clarity  .     a - +0 robe
rNeg   . . .     SustAt   .     b - +0 shield
rPois  .         Gourm    +     (helmet restricted)
rElec  .         Spirit   .     (no cloak)
rCorr  .         Warding  .     (gloves unavailable)
rMut   .         Stasis   .     (boots unavailable)
MR     .....                    (no amulet)
Stlth  +.........               (no ring)
                                (no ring)

@: mighty, not resistant to hostile enchantments, very unstealthy
A: unfitting armour, claws 3, fast metabolism 3, gourmand, regeneration 2,
shaggy fur 1, tough skin 2
a: no special abilities


You were on level 6 of the Dungeon.
You were not hungry.

You visited 1 branch of the dungeon, and saw 5 of its levels.

You collected 9 gold pieces.

Inventory:

Armour
 a - a +0 robe (worn)
 b - a +0 shield (worn)
Scrolls
 e - 2 scrolls of identify {unknown}
 f - a scroll of enchant weapon {unknown}
 g - a scroll of remove curse {unknown}
 j - a scroll of blinking {unknown}
Potions
 h - a potion of haste {unknown}
 i - a potion of mutation {unknown}
Comestibles
 d - 2 bread rations


   Skills:
 - Level 2.4 Fighting
 - Level 2.4 Dodging
 - Level 2.4 Shields
 * Level 3.2 Unarmed Combat


You had one spell level left.
You didn't know any spells.

Dungeon Overview and Level Annotations

Branches:
Dungeon (6/15)
 Temple: D:4-7

Altars:


Innate Abilities, Weirdness & Mutations

You are too large for most types of armour.
You have claws for hands.
Your metabolism is lightning-fast.
You like to eat raw meat.
You heal very quickly.
You are covered in fur (AC +1).
You have very tough skin (AC +2).


Message History

The jelly quivers.
You hear a shout!
There is an open door here.
You close the door.
An orc warrior opens the door.
You open the door.
There is an open door here.
A crimson imp comes into view.
The crimson imp shouts!
The crimson imp blinks!
As you open the door, it creaks loudly!
The crimson imp hits you but does no damage.
You open the door.
The orc warrior hits you with a mace of protection!
The crimson imp hits you but does no damage.
The orc shouts!
There is an open door here.
An orc comes into view. It is wielding a dagger.
The crimson imp blinks!
The orc hits you but does no damage.
The jelly jiggles.
Drink which item? (? for menu, Esc to quit)
You feel very mighty all of a sudden. You block the orc warrior's attack.
Unknown command.
You scratch the orc warrior.
The orc warrior is lightly wounded.
The orc warrior hits you with a mace of protection.
The crimson imp blinks!
You scratch the orc warrior.
The orc warrior is moderately wounded.
The orc warrior hits you with a mace of protection.
You scratch the orc warrior.
The orc warrior is heavily wounded.
You block the orc warrior's attack.
Your shield prevents you from hitting the orc warrior.
The orc warrior is heavily wounded.
The orc warrior hits you with a mace of protection!!
Ouch! That really hurt!
You die...

J.....#........#
###..###...#####
..#..###...##..##
..+.........#....
..#.........#... ..#
........#..#
..#+###...# #..# +##
#.....#...###.o##..##
#.....#.......oo@...#
#...J.#.......J##..##
#.....#........##..#
#.....'.........#...#
#.....#######+###..##
##..... ..# #.....#
..# #.....# ..#
#.....#


You could see an orc warrior, a jelly and 2 orcs.

Vanquished Creatures
  An ooze (D:4)
  4 orcs (D:4)
  A giant cockroach (D:4)
  A hobgoblin (D:2)
  A ball python (D:1)
  2 goblins (D:1)
  2 kobolds
12 creatures vanquished.

Notes
Turn   | Place    | Note
--------------------------------------------------------------
     0 | D:1      | Implojin the Troll Fighter began the quest for the Orb.
     0 | D:1      | Reached XP level 1. HP: 22/22 MP: 0/0
   182 | D:4      | Reached XP level 2. HP: 23/29 MP: 1/1
   191 | D:4      | Reached skill level 3 in Unarmed Combat
   249 | D:4      | You fall through a shaft for 2 floors!
   249 | D:6      | Noticed an orc warrior
   298 | D:6      | Slain by an orc warrior

Action                   || total
-------------------------++-------
Melee: Unarmed           ||    22
  Use: Potion            ||     1
  Eat: Chunk             ||     2

Table legend:
 A = Turns spent in this place as a percentage of turns spent in the entire game.
 B = Non-inter-level travel turns spent in this place as a percentage of non-inter-level travel turns spent in the entire game.
 C = Inter-level travel turns spent in this place as a percentage of turns spent in this place.
 D = Turns resting spent in this place as a percentage of non-inter-level travel turns spent in this place.
 E = Turns spent auto-exploring this place as a percentage of non-inter-level travel turns spent in this place.
 F = Non-inter-level travel turns spent in this place divided by the number of levels of this place that you've seen.
                   A       B       C       D       E      F
               +-------+-------+-------+-------+-------+----------------------
         Total | 100.0 | 100.0 |   0.0 |   0.0 |   0.0 |  58.4
       Dungeon | 100.0 | 100.0 |   0.0 |   0.0 |   0.0 |  58.4
               +-------+-------+-------+-------+-------+----------------------

Table legend:
 A = Kills in this place as a percentage of kills in entire the game.
 B = Kills by you in this place as a percentage of kills by you in the entire game.
 C = Kills by friends in this place as a percentage of kills by friends in the entire game.
 D = Other kills in this place as a percentage of other kills in the entire game.
 E = Experience gained in this place as a percentage of experience gained in the entire game.
 F = Experience gained in this place divided by the number of levels of this place that you have seen.
                   A       B       C       D       E      F
               +-------+-------+-------+-------+-------+----------------------
         Total | 100.0 | 100.0 |  -nan |  -nan | 100.0 |   5.4
       Dungeon | 100.0 | 100.0 |  -nan |  -nan | 100.0 |   5.4
               +-------+-------+-------+-------+-------+----------------------
